 Dungeon Crawl Stone Soup version 0.29-a0-322-g68df515428 (webtiles) character file.

Game seed: 5886904049796025789

16 Hubjo the Grasshopper (level 2, 0/16 HPs)
             Began as a Deep Elf Wanderer on Apr 7, 2022.
             Constricted to death by a ball python (1 damage)
             ... on level 1 of the Dungeon.
             The game lasted 00:00:38 (813 turns).

Hubjo the Grasshopper (Deep Elf Wanderer)            Turns: 813, Time: 00:00:38

Health: 0/16       AC:  3    Str:  6    XL:     2   Next: 37%
Magic:  6/6        EV:  9    Int: 18    God:
Gold:   4          SH:  0    Dex: 15    Spells: 3/4 levels left

rFire   . . .      SeeInvis .   a - +0 dagger
rCold   . . .      Faith    .   (no shield)
rNeg    . . .      Spirit   .   c - +0 robe
rPois   .          Reflect  .   (no helmet)
rElec   .          Harm     .   (no cloak)
rCorr   .          Rampage  .   d - +0 pair of gloves
Will    .....                   (no boots)
Stlth   ++........              (no amulet)
HPRegen 0.05/turn               (no ring)
MPRegen 0.10/turn               (no ring)

@: constricted
A: no striking features
a: no special abilities


You were on level 1 of the Dungeon.
You visited 1 branch of the dungeon, and saw 1 of its levels.

You collected 4 gold pieces.

Inventory:

Hand Weapons
 a - a +0 dagger (weapon)
Armour
 c - a +0 robe (worn)
 d - a +0 pair of gloves (worn)
Scrolls
 b - a scroll of blinking
 e - a scroll of identify {unknown}


   Skills:
 * Level 0.7 Fighting
 + Level 1.5 Dodging
 * Level 1.3 Stealth
 + Level 1.8 Spellcasting
 - Level 5.4 Translocations
 + Level 2.3 Transmutations
 + Level 1.3 Evocations


You had 3 spell levels left.
You knew the following spells:

 Your Spells              Type           Power      Damage    Failure   Level
a - Apportation           Tloc           42%        N/A       1%          1

Your spell library contained the following spells:

 Spells                   Type           Power      Damage    Failure   Level
 Blink                    Tloc           42%        N/A       3%          2
 Wereblood                Tmut           9%         N/A       11%         2
 Passwall                 Tmut/Erth      4%         N/A       17%         2
 Portal Projectile        Hex/Tloc       22%        N/A       19%         3


Dungeon Overview and Level Annotations

Branches:
Dungeon (1/15)

Altars:


Message History

You are too injured to fight recklessly!
You are too injured to fight recklessly!
You are too injured to fight recklessly!
You are too injured to fight recklessly!
You hit the jackal.
The jackal is severely wounded.
The jackal bites you.
The jackal bites you but does no damage.
You hit the jackal but do no damage.
The jackal is severely wounded.
The jackal bites you but does no damage.
You closely miss the jackal.
The jackal is severely wounded.
The jackal barely misses you. The jackal bites you.
You hit the jackal.
The jackal is almost dead.
The jackal barely misses you.
You hit the jackal but do no damage.
The jackal is almost dead.
The jackal barely misses you.
You hit the jackal.
You kill the jackal!
The ball python bites you but does no damage.
The ball python barely misses you.
You hit the ball python but do no damage.
The ball python bites you.
* * * LOW HITPOINT WARNING * * *
The ball python misses you.
You barely miss the ball python.
The ball python bites you but does no damage.
The ball python grabs you. The ball python constricts you.
You closely miss the ball python. The ball python bites you.
* * * LOW HITPOINT WARNING * * *
The ball python constricts you.
You barely miss the ball python. The ball python bites you.
* * * LOW HITPOINT WARNING * * *
The ball python constricts you.
You hit the ball python but do no damage.
The ball python barely misses you. The ball python constricts you.
You die...

.. . . #.# #.# ###
#.... ..# ##S#
.##.# ##@# .#.#
#.## #..# #.# #..#
## #.## ##..# #.
##.## ##.#.# #.
##.###..#.#######.
##...#.#.........
#####.#####.....
#.....†.####


You could see a ball python.

Vanquished Creatures
  2 ball pythons (D:1)
  2 bats (D:1)
  2 giant cockroaches (D:1)
  2 hobgoblins (D:1)
  3 jackals (D:1)
  A frilled lizard (D:1)
  A goblin (D:1)
  A rat (D:1)
14 creatures vanquished.

Notes
Turn   | Place    | Note
-------+----------+-------------------------------------------
     0 | D:1      | Hubjo the Deep Elf Wanderer began the quest for the Orb.
     0 | D:1      | Hubjo set off with the following items: a +0 dagger, a
                  | scroll of blinking, a +0 robe, a +0 pair of gloves; and the
                  | following spell memorised: Apportation; and the following
                  | spells available to memorise: Blink, Wereblood, Passwall,
                  | Portal Projectile
     0 | D:1      | Reached XP level 1. HP: 10/10 MP: 5/5
   674 | D:1      | Reached skill level 1 in Stealth
   674 | D:1      | Reached XP level 2. HP: 16/16 MP: 6/6
   813 | D:1      | Constricted to death by a ball python

Illustrated notes

Levels and vault maps discovered:
D:1:      onia_arrival_mini_maze_b, layout_loops_ring, moated_statue

Skill      XL: |  1 |
---------------+----+-----
Stealth        | 1 |  1.3
Fighting       | |  0.7
Dodging        | |  1.5
Spellcasting   | |  1.8
Translocations | |  5.4
Transmutations | |  2.3
Evocations     | |  1.3

Action                   || total
-------------------------++-------
Melee: Dagger            ||    65
 Stab: Sleeping          ||     3
Armor: Robe              ||    25
Dodge: Dodged            ||    44

Table legend: (Time is in decaauts)
 A = Elapsed time spent in this place.
 B = Non-inter-level travel time spent in this place.
 C = Inter-level travel time spent in this place.
 D = Time resting spent in this place.
 E = Time spent auto-exploring this place.
 F = Levels seen in this place.
 G = Mean time per level.
                   A        B        C        D        E       F      G
               +--------+--------+--------+--------+--------+-----+--------+
         Total |    813 |    813 |      0 |      0 |    703 |   1 |  813.0 |
       Dungeon |    813 |    813 |      0 |      0 |    703 |   1 |  813.0 |
               +--------+--------+--------+--------+--------+-----+--------+

Top non-repeatable levels by time:
     D:1: 813 daAuts
